 Dungeon Crawl Stone Soup version 0.27-a0-1071-ga85bd95 (webtiles) character file.

Game seed: 8363823645939857206

20640 GeorgeSoros the Cleaver (level 12, -14/110 HPs)
             Began as a Minotaur Brigand on Apr 23, 2021.
             Was a High Priest of Wu Jian.
             Demolished by a death yak (20 damage)
             ... summoned by a spriggan berserker
             ... on level 1 of the Lair of Beasts on Apr 24, 2021.
             The game lasted 00:40:24 (12276 turns).

GeorgeSoros the Cleaver (Minotaur Brigand)         Turns: 12276, Time: 00:40:25

Health: -14/110    AC: 25    Str: 25    XL:     12   Next: 47%
Magic:  18/18      EV:  7    Int:  3    God:    Wu Jian [*****.]
Gold:   877        SH: 12    Dex: 15    Spells: 21/21 levels left

rFire    . . .     SeeInvis .   r - +1 war axe (elec)
rCold    + + .     Faith    .   w - +0 kite shield
rNeg     . . .     Spirit   .   G - +0 plate armour
rPois    .         Reflect  .   (helmet restricted)
rElec    .         Harm     .   N - +1 cloak {rC+}
rCorr    +         Rampage  .   M - +1 pair of gloves
Will     .....                  h - +0 pair of boots
Stlth    ..........             s - amulet of regeneration
HPRegen  1.28/turn              a - ring of Qaicupto {rC+ rCorr Str+3 Int-5 Dex+4}
MPRegen  0.16/turn              v - +4 ring of protection

@: mighty, lethally poisoned (-14 -> -18), on berserk cooldown, slowed, studying
2 skills, very slow
A: horns 2, retaliatory headbutt
a: Renounce Religion, Wall Jump, Serpent's Lash, Heavenly Storm


You were on level 1 of the Lair of Beasts.
You worshipped Wu Jian.
Wu Jian was extremely pleased with you.
You visited 2 branches of the dungeon, and saw 13 of its levels.
You also visited: Ice Cave.

You collected 1055 gold pieces.
You spent 178 gold pieces at shops.

Inventory:

Hand Weapons
 r - a +1 war axe of electrocution (weapon)
Missiles
 d - 37 poisoned darts (quivered)
 e - 2 curare-tipped darts
 o - 8 atropa-tipped darts
 K - a throwing net
Armour
 h - a +0 pair of boots (worn)
 i - a +2 cloak
 q - +0 acid dragon scales
 w - a +0 kite shield (worn)
 G - a +0 plate armour (worn)
 M - a +1 pair of gloves (worn)
 N - a +1 cloak of cold resistance (worn)
Jewellery
 a - the ring of Qaicupto (left hand) {rC+ rCorr Str+3 Int-5 Dex+4}
   (You found it on level 4 of the Dungeon)

   [ring of resist corrosion]

   It affects your strength (+3).
   It affects your intelligence (-5).
   It affects your dexterity (+4).
   It protects you from cold.
   It protects you from acid and corrosion.
 c - an amulet of guardian spirit
 s - an amulet of regeneration (around neck)
 v - a +4 ring of protection (right hand)
 B - a ring of protection from fire
 R - an amulet of the acrobat
Wands
 b - a wand of polymorph (11)
 t - a wand of iceblast (57)
 A - a wand of digging (4)
 D - a wand of paralysis (28)
 I - a wand of mindburst (7)
 L - a wand of flame (16)
Scrolls
 k - 4 scrolls of fear
 n - 3 scrolls of immolation
 y - 3 scrolls of teleportation
 C - a scroll of brand weapon
 E - a scroll of magic mapping
 F - a scroll of holy word
 H - 4 scrolls of identify
Potions
 g - a potion of mutation
 j - 3 potions of attraction
 l - 2 potions of lignification
 m - a potion of ambrosia
 p - a potion of haste
 u - a potion of resistance
 x - a potion of heal wounds
 z - 3 potions of flight
 O - a potion of might
 P - a potion of curing
 Q - 2 potions of magic
Miscellaneous
 J - a phantom mirror


   Skills:
 + Level 11.4 Fighting
 - Level 2.1 Short Blades
 + Level 14.5 Axes
 - Level 2.0 Throwing
 + Level 11.2 Armour
 - Level 1.1 Dodging
 - Level 3.6 Stealth
 + Level 9.7 Shields
 - Level 5.0 Spellcasting
 + Level 6.1 Evocations


You had 21 spell levels left.
You didn't know any spells.
Your spell library contained the following spells:

 Spells                   Type           Power      Damage    Failure   Level
 Magic Dart               Conj           0%         1d3       100%        1
 Summon Small Mammal      Summ           0%         N/A       100%        1
 Call Imp                 Summ           0%         N/A       100%        2
 Searing Ray              Conj           0%         3d3       100%        2
 Call Canine Familiar     Summ           0%         N/A       100%        3
 Confusing Touch          Hex            0%         N/A       100%        3
 Dazzling Flash           Conj/Hex       0%         N/A       100%        3
 Gell's Gravitas          Tloc           0%         N/A       100%        3
 Summon Guardian Golem    Hex/Summ       0%         N/A       100%        3
 Fulminant Prism          Conj/Hex       0%         3d6       100%        4
 Iskenderun's Mystic Bla  Conj/Tloc      0%         2d3       100%        4
 Petrify                  Tmut/Erth      0%         N/A       100%        4
 Summon Ice Beast         Ice/Summ       0%         N/A       100%        4
 Summon Lightning Spire   Summ/Air       0%         N/A       100%        4
 Metabolic Englaciation   Hex/Ice        0%         N/A       100%        5
 Yara's Violent Unravell  Hex/Tmut       0%         3d3       100%        5


Dungeon Overview and Level Annotations

Branches:
Dungeon (12/15)            Temple (0/1) D:5            Lair (1/6) D:11
    Orc (0/2) D:9           IceCv (visited)

Altars:
Ashenzari
Cheibriados
Dithmenos
Elyvilon
Makhleb
Ru
Trog
Uskayaw
Vehumet
Wu Jian

Shops:
D:1 !   D:2 :   D:3 [   D:5 [   D:11 *

Annotations:
Lair:1 Loent's ghost, journeyman OgWn


Innate Abilities, Weirdness & Mutations

You have a pair of horns on your head.
You reflexively headbutt those who attack you in melee.


Message History

You feel a strong urge to attack something.
You feel very sick.
* * * LOW HITPOINT WARNING * * *
You are more poisoned.
The spriggan rider is engulfed in noxious fumes.
The spriggan rider appears confused.
The spriggan is engulfed in dark miasma.
The spriggan looks even sicker.
You block the spriggan's attack.
The spriggan berserker is engulfed in noxious fumes.
The spriggan rider hits the death yak with a +0 trident of flaming!
The spriggan rider burns the death yak.
Unknown command.
You are no longer berserk.
You pass out from exhaustion.
You feel yourself slow down.
You feel very sick.
* * * LOW HITPOINT WARNING * * *
You are more poisoned.
The spriggan berserker is engulfed in noxious fumes.
You feel very sick.
* * * LOW HITPOINT WARNING * * *
You are more poisoned.
Loent's ghost's toxic aura wanes.
The spriggan hits you but does no damage.
The spriggan berserker is engulfed in noxious fumes.
The death yak gores you!
* * * LOW HITPOINT WARNING * * *
The spriggan hits you but does no damage.
Loent's ghost laughs, "And you think you're capable of finding the ORB?
I had it, you know.
Then I gave it away so I could steal it AGAIN."
The spriggan berserker is engulfed in noxious fumes.
You can move again.
There is a transporter, spattered with blood here.
You enter the transporter and appear at another place.
You feel very sick.
The spriggan berserker seems less confused.
The spriggan hits you with a +0 dagger.
* * * LOW HITPOINT WARNING * * *
The death yak closely misses you. You block the spriggan's attack.
The death yak gores you!!
You die...

........##......#...#............
#.......#####.##....#...........#
........P##...##....####.......#.
...............................##
.................................
..).........>....................
.................................
...............Y.i...............
................@...####.........
.#......#+....#####..............
.......#....###)i.###........#...
.#.....#...##....## ##.......#...
.#.....+...#.W.i○## #...........
.#........##..i).≈#..##......#...
.......#..#.......#i..#......#...
.#.....#..#§###._.....#......#...
##.....#..#..#§§..##..#.+#.#+#...


You could see a death yak (summoned, berserk), a spriggan rider (berserk,
confused), a spriggan berserker (regenerating, strong-willed), 2 spriggans and
Loent's ghost.

Vanquished Creatures
  A tengu warrior (D:10)
  4 two-headed ogres
  A necromancer (IceCv)
  2 cyclopes (D:10)
  An ugly thing (D:10)
  An ice statue (IceCv)
  3 black mambas (Lair:1)
  A cane toad (Lair:1)
  A komodo dragon (Lair:1)
  10 freezing wraiths (IceCv)
  A troll (D:11)
  A shadow (D:10)
  A vampire (D:10)
  2 spriggans (Lair:1)
  15 yaks
  2 wyverns
  A steam dragon (D:6)
  3 basilisks (Lair:1)
  2 acid dragons
  3 water moccasins (Lair:1)
  An alligator simulacrum (IceCv)
  3 sky beasts
  7 orc warriors
  8 ice beasts
  5 ogres
  6 centaurs
  A phantom (D:5)
  3 bullfrogs
  3 kobold brigands
  8 scorpions
  2 gnoll sergeants
  A water moccasin skeleton (D:6)
  6 killer bees (D:7)
  An elephant simulacrum (IceCv)
  14 wights
  An electric eel (D:11)
  2 howler monkeys
  A crimson imp (D:8)
  5 centaur zombies
  9 hounds
  2 jellies
  5 draconian simulacra (IceCv)
  A bullfrog skeleton (D:6)
  2 orc priests
  A gnoll shaman (D:6)
  An iguana (D:5)
  Ijyb (D:4)
  10 orc wizards
  7 troll simulacra (IceCv)
  Natasha (thrice) (D:4)
  A polar bear simulacrum (IceCv)
  2 spriggan simulacra (IceCv)
  A wolf simulacrum (IceCv)
  3 centaur simulacra (IceCv)
  3 howler monkey zombies
  Robin (D:2)
  14 gnolls
  6 adders
  2 howler monkey skeletons
  3 ogre simulacra (IceCv)
  13 white imps
  2 dart slugs
  30 orcs
  6 ball pythons
  6 endoplasms
  4 giant cockroaches
  17 goblins
  9 hobgoblins
  3 jackals (D:4)
  15 kobolds
  A quokka (D:1)
  4 bats
  A frilled lizard (D:3)
  4 rats
  A butterfly (Lair:1)
328 creatures vanquished.

Vanquished Creatures (others)
  7 fungi
  4 plants
11 creatures vanquished.

Grand Total: 339 creatures vanquished

Notes
Turn   | Place    | Note
-------+----------+-------------------------------------------
     0 | D:1      | GeorgeSoros the Minotaur Brigand began the quest for the
                  | Orb.
     0 | D:1      | Reached XP level 1. HP: 18/18 MP: 0/0
   150 | D:1      | Reached skill level 1 in Axes
   150 | D:1      | Reached skill level 1 in Armour
   150 | D:1      | Reached XP level 2. HP: 21/26 MP: 1/1
   625 | D:1      | Reached XP level 3. HP: 31/31 MP: 2/2
   664 | D:1      | Found Etedoc Fiul's Distillery.
  1068 | D:2      | Noticed Robin
  1075 | D:2      | Reached skill level 2 in Axes
  1257 | D:2      | Found Jacsuaha's Book Shoppe.
  1307 | D:2      | Killed Robin
  1495 | D:2      | Reached XP level 4. HP: 38/39 MP: 3/3
  1648 | D:2      | Found a faded altar of an unknown god.
  2217 | D:3      | Found Cyurphaf's Antique Armour Shoppe.
  2281 | D:3      | Found a broken altar of Ashenzari.
  2304 | D:3      | Found a shadowy altar of Dithmenos.
  2304 | D:3      | Found an ornate altar of the Wu Jian Council.
  2320 | D:3      | Reached skill level 3 in Axes
  2320 | D:3      | Reached XP level 5. HP: 25/46 MP: 4/4
  2342 | D:3      | Became a worshipper of the Wu Jian Council
  3385 | D:4      | Noticed Ijyb
  3391 | D:4      | Killed Ijyb
  3392 | D:4      | Reached XP level 6. HP: 53/55 MP: 5/5
  3400 | D:4      | Found a white marble altar of Elyvilon.
  3403 | D:4      | Reached skill level 4 in Axes
  3422 | D:4      | Noticed Natasha
  3429 | D:4      | Killed Natasha
  3430 | D:4      | Reached skill level 5 in Fighting
  3505 | D:4      | Reached * piety under Wu Jian
  3713 | D:4      | Noticed Natasha
  3725 | D:4      | Killed Natasha
  3855 | D:4      | Identified the ring of Qaicupto {rC+ rCorr Str+3 Int-5
                  | Dex+4}
  3972 | D:4      | Noticed Natasha
  3979 | D:4      | Killed Natasha
  4116 | D:5      | Entered Level 5 of the Dungeon
  4186 | D:5      | Reached XP level 7. HP: 39/62 MP: 6/6
  4188 | D:5      | Reached skill level 5 in Axes
  4270 | D:5      | Identified a scroll of acquirement
  4270 | D:5      | Acquired a manual of Axes
  4282 | D:5      | Reached skill level 5 in Armour
  4355 | D:5      | Found a staircase to the Ecumenical Temple.
  4433 | D:5      | Found Ykis's Armour Shop.
  4567 | D:3      | Bought a kite shield for 108 gold pieces
  4617 | D:1      | Bought a potion of heal wounds for 70 gold pieces
  4767 | D:5      | Reached skill level 6 in Axes
  4767 | D:5      | Reached skill level 1 in Shields
  4918 | D:5      | Reached XP level 8. HP: 68/71 MP: 8/8
  4922 | D:5      | Reached skill level 1 in Spellcasting
  5241 | D:6      | Reached skill level 7 in Axes
  5385 | D:6      | Reached ** piety under Wu Jian
  5576 | D:6      | Reached skill level 8 in Axes
  5613 | D:6      | Found a sacrificial altar of Ru.
  5852 | D:6      | Reached XP level 9. HP: 79/79 MP: 11/11
  6469 | D:7      | Found a snail-covered altar of Cheibriados.
  6511 | D:7      | Reached skill level 9 in Axes
  6955 | D:7      | Reached skill level 5 in Shields
  7481 | D:8      | Found a burning altar of Makhleb.
  7829 | D:8      | Reached skill level 10 in Axes
  7930 | D:9      | Found a hide-covered altar of Uskayaw.
  7993 | D:9      | Reached skill level 1 in Evocations
  8069 | D:9      | Found a staircase to the Orcish Mines.
  8069 | D:9      | Noticed a troll
  8104 | D:9      | Reached XP level 10. HP: 45/90 MP: 14/14
  8210 | D:9      | Found a radiant altar of Vehumet.
  8225 | D:9      | Noticed a two-headed ogre
  8243 | D:9      | Killed a two-headed ogre
  8322 | D:9      | Reached *** piety under Wu Jian
  8386 | D:9      | Reached skill level 11 in Axes
  8856 | D:10     | Entered Level 10 of the Dungeon
  9027 | D:10     | Noticed a two-headed ogre
  9033 | D:10     | Killed a two-headed ogre
  9069 | D:10     | Noticed a cyclops
  9071 | D:10     | Noticed a cyclops
  9078 | D:10     | Killed a cyclops
  9092 | D:10     | Killed a cyclops
  9093 | D:10     | Reached skill level 12 in Axes
  9093 | D:10     | Reached XP level 11. HP: 88/99 MP: 16/16
  9197 | D:10     | Noticed a white ugly thing
  9204 | D:10     | Killed a white ugly thing
  9204 | D:10     | Reached **** piety under Wu Jian
  9205 | D:10     | Reached skill level 10 in Fighting
  9617 | D:10     | Noticed a tengu warrior
  9625 | D:10     | Killed a tengu warrior
  9626 | D:10     | Reached skill level 10 in Armour
  9725 | D:11     | Found Mewuhoym's Assorted Antiques.
  9753 | D:11     | Noticed a two-headed ogre
  9762 | D:11     | Killed a two-headed ogre
  9791 | D:11     | Found a frozen archway.
  9800 | IceCv    | Entered an ice cave
  9826 | IceCv    | Reached skill level 13 in Axes
  9926 | IceCv    | Reached skill level 5 in Evocations
 10002 | IceCv    | Reached skill level 5 in Spellcasting
 10061 | IceCv    | Found an ancient bone altar of Kikubaaqudgha.
 10233 | IceCv    | Reached XP level 12. HP: 30/108 MP: 18/18
 10324 | IceCv    | Reached ***** piety under Wu Jian
 10879 | D:11     | Noticed a two-headed ogre
 10888 | D:11     | Killed a two-headed ogre
 10889 | D:11     | Reached skill level 14 in Axes
 11308 | D:11     | Found a staircase to the Lair.
 11459 | Lair:1   | Entered Level 1 of the Lair of Beasts
 11786 | Lair:1   | Found a transporter.
 11801 | Lair:1   | Noticed Loent's ghost (journeyman OgWn)
 11945 | Lair:1   | Identified the +1 scale mail of Mibud {Harm rF- rN++ SInv}
 12059 | Lair:1   | Found a transporter.
 12255 | Lair:1   | Found a bloodstained altar of Trog.
 12263 | Lair:1   | Noticed a death yak
 12276 | Lair:1   | Demolished by a death yak

Illustrated notes

Levels and vault maps discovered:
D:1:      dpeg_arrival_shelter, layout_loops_cross, serial_shops, shop,
          kennysheep_decorative_pillar
D:2:      layout_rooms, chequers_ecumenical_altar_simple_redux, serial_shops,
          shop, uniq_robin
D:3:      layout_rooms, nicolae_overflow_crystal_walls,
          amethyst_overflow_temple_binary, serial_shops, nicolae_shop_trees,
          chequers_serial_rivers_micro_b
D:4:      layout_basic, marbit_many_paths, serial_park_tiny_1,
          chequers_serial_rivers_small_3, uniq_natasha, uniq_ijyb
D:5:      layout_loops_ring, lemuel_temple_firewalk_b, serial_shops, shop
D:6:      layout_layer_cave, lemuel_coloured_pillars_altar, nrook_loot_triangle,
          minmay_misc_feat_rugged, minmay_circle_x
D:7:      layout_loops_ring, kennysheep_mini
D:8:      layout_basic, makhleb_grotto_becter
D:9:      layout_loops_ring, nicolae_uskayaw_dance_hall,
          nicolae_vehumet_altar_sigil, kennysheep_orc_monster_closet_entryway
D:10:     minmay_ornate_pinched, layout_long_grid
D:11:     layout_irregular_city, grunt_lair_entry_orc_guard_hut,
          portal_ice_cave_entry_pillars_1, serial_shops, kennysheep_mini_moat,
          minmay_crystal_water
D:12:     layout_long_grid, minmay_statues_item
Lair:1:   layout_regular_city, gammafunk_ghost_wrathful_warriors,
          cheibrodos_lair_caveside_slide, infiniplex_staircase_pool_2,
          lemuel_fruit_fields, lemuel_fruit_fields

Skill      XL: |  1  2  3  4  5  6  7  8  9 10 11 12 |
---------------+-------------------------------------+-----
Fighting       | 3 4 5 6 7 8 9 10 11 | 11.4
Axes           | 1 2 3 4 6 8 10 12 13 14 | 14.5
Armour         | 1 2 3 4 5 7 8 9 10 11 | 11.2
Shields        | 1 4 5 7 9 |  9.7
Spellcasting   | 2 3 4 5 |  5.0
Evocations     | 1 3 5 6 |  6.1
Short Blades   | |  2.1
Throwing       | |  2.0
Dodging        | |  1.1
Stealth        | |  3.6

Action                   |  1- 3 |  4- 6 |  7- 9 | 10-12 || total
-------------------------+-------+-------+-------+-------++-------
Melee: Hand axe          |    81 |    95 |       |       ||   176
       Headbutt          |     9 |    30 |    70 |   142 ||   251
       War axe           |       |    80 |   275 |   501 ||   856
Throw: Dart              |     7 |    20 |       |    15 ||    42
Invok: Lunge             |       |    17 |    22 |    34 ||    73
       Whirlwind         |       |     1 |     2 |     2 ||     5
 Abil: Wall Jump         |       |       |       |     4 ||     4
  Use: Scroll            |     1 |     7 |    12 |     7 ||    27
       Potion            |       |       |       |     4 ||     4
 Stab: Sleeping          |     5 |     2 |     4 |       ||    11
       Distracted        |     2 |       |       |       ||     2
Armor: Robe              |    10 |    20 |       |       ||    30
       Ring mail         |       |    35 |    73 |       ||   108
       Plate armour      |       |       |    53 |   276 ||   329
       Scale mail        |       |       |    17 |       ||    17
Dodge: Dodged            |    33 |    92 |    74 |    88 ||   287
Block: Kite shield       |       |       |   138 |   247 ||   385

Table legend: (Time is in decaauts)
 A = Elapsed time spent in this place.
 B = Non-inter-level travel time spent in this place.
 C = Inter-level travel time spent in this place.
 D = Time resting spent in this place.
 E = Time spent auto-exploring this place.
 F = Levels seen in this place.
 G = Mean time per level.
                   A        B        C        D        E       F      G
               +--------+--------+--------+--------+--------+-----+--------+
         Total |  12449 |  11737 |    712 |    365 |   8430 |  14 |  889.2 |
       Dungeon |  10671 |   9959 |    712 |    285 |   7434 |  12 |  889.2 |
          Lair |    809 |    809 |      0 |      0 |    676 |   1 |  809.0 |
      Ice Cave |    968 |    968 |      0 |     80 |    319 |   1 |  968.0 |
               +--------+--------+--------+--------+--------+-----+--------+

Top non-repeatable levels by time:
     D:1: 1438 daAuts
     D:6: 1226 daAuts
     D:3: 1043 daAuts
     D:5: 1012 daAuts
   IceCv: 968 daAuts
     D:4: 954 daAuts
     D:9: 910 daAuts
    D:10: 870 daAuts
     D:2: 861 daAuts
  Lair:1: 809 daAuts
     D:8: 805 daAuts
    D:11: 803 daAuts
     D:7: 742 daAuts
    D:12: 3 daAuts
